 Dungeon Crawl Stone Soup version 0.24-a0-762-gca426f56c8 (webtiles) character file.

614828 Hawk2021 the Conqueror (level 26, -5/266 HPs)
             Began as a Minotaur Berserker on July 27, 2018.
             Was the Champion of Trog.
             Killed from afar by an orb of fire (58 damage)
             ... with a fireball
             ... on level 5 of the Realm of Zot on Oct 3, 2019.
             The game lasted 05:45:19 (52026 turns).

Hawk2021 the Conqueror (Minotaur Berserker)        Turns: 52026, Time: 05:45:20

Health: -5/266     AC: 68    Str: 32    XL:     26   Next: 86%
Magic:  31/31      EV: 20    Int: 11    God:    Trog [******]
Gold:   2058       SH:  0    Dex: 15    Spells: 25/25 levels left

rFire    . . .     SeeInvis +   J - +7 executioner's axe (vamp)
rCold    . . .     Gourm    .   (shield currently unavailable)
rNeg     + . .     Faith    .   k - +11 crystal plate armour of Asseraca {rPois rN+ Int+4}
rPois    +         Spirit   .   Q - +2 hat
rElec    .         Reflect  .   G - +4 cloak "Xeolapno" {Int+2 Dex+4}
rCorr    .         Harm     .   d - +2 pair of gloves
MR       ++++.                  A - +2 pair of boots {Fly}
Stlth    ..........             i - amulet of the acrobat
HPRegen  1.54/turn              y - ring of Couneoly {*Slow MR+ Slay+2 SInv Stlth-}
MPRegen  0.22/turn              X - ring of Robustness {AC+8}

@: lethally poisoned (-5 -> -5), flying, regenerating
A: retaliatory headbutt, horns 2, molten scales 1, clumsy 1, strong 1
}: 3/15 runes: serpentine, barnacled, silver
a: Berserk, Trog's Hand, Brothers in Arms, Renounce Religion, Stop Flying


You were on level 5 of the Realm of Zot.
You worshipped Trog.
Trog was exalted by your worship.
You were not hungry.

You visited 10 branches of the dungeon, and saw 50 of its levels.
You visited the Abyss 1 time.
You visited 1 bazaar.
You also visited: Ossuary, Bailey and Wizlab.

You collected 6867 gold pieces.
You spent 4809 gold pieces at shops.

Inventory:

Hand Weapons
 a - the +5 battleaxe of Shrieking Terror {vamp, rF+ Str+5}
   (Trog gifted it to you on level 4 of the Snake Pit)

   It inflicts no extra harm, but heals its wielder when it wounds a living foe.
   It affects your strength (+5).
   It protects you from fire.
 b - the +8 frozen axe "Frostbite" {freezing cloud, *Noise +Fly rC+}
   (You bought it in a shop on level 4 of the Vaults)

   It has been specially enchanted to freeze those struck by it, causing extra
   injury to most foes and up to half again as much damage against particularly
   susceptible opponents.
   It can also slow down cold-blooded creatures.
   It protects you from cold.
   It lets you fly.
   It may make noises in combat.
 J - a +7 vampiric executioner's axe (weapon)
 L - the +9 battleaxe "Sommukk" {drain, rC+ MR++}
   (You bought it in a shop on level 5 of the Vaults)

   A truly terrible weapon, it drains the life of those it strikes.
   It protects you from cold.
   It affects your resistance to hostile enchantments.
Missiles
 t - 5 throwing nets (quivered)
Armour
 d - a +2 pair of gloves (worn)
 k - the +11 crystal plate armour of Asseraca (worn) {rPois rN+ Int+4}
   (You found it on level 12 of the Dungeon)

   It affects your intelligence (+4).
   It protects you from poison.
   It protects you from negative energy.
 z - +8 gold dragon scales
 A - a +2 pair of boots of flying (worn)
 G - the +4 cloak "Xeolapno" (worn) {Int+2 Dex+4}
   (You bought it in a shop on level 12 of the Dungeon)

   It affects your intelligence (+2).
   It affects your dexterity (+4).
 Q - a +2 hat (worn)
Jewellery
 i - an amulet of the acrobat (around neck)
 y - the ring of Couneoly (left hand) {*Slow MR+ Slay+2 SInv Stlth-}
   (You took it off a vault warden on level 5 of the Vaults)

   [ring of attention]

   It affects your accuracy and damage with ranged weapons and melee attacks
   (+2).
   It affects your resistance to hostile enchantments.
   It lets you see invisible.
   It may slow you when you take damage.
   It makes you less stealthy.
 C - the ring "Luugh" {rPois rF++ EV+1}
   (You found it on level 3 of the Depths)

   [ring of evasion]

   It affects your evasion (+1).
   It greatly protects you from fire.
   It protects you from poison.
 D - the ring "Tixe" {Ice *Contam rElec MR+ Int+2}
   (You bought it in a shop on level 2 of the Orcish Mines)

   [ring of ice]

   It enhances your ice magic.
   It affects your intelligence (+2).
   It makes you vulnerable to fire.
   It protects you from cold.
   It insulates you from electricity.
   It affects your resistance to hostile enchantments.
   It causes magical contamination when unequipped.
 F - an uncursed ring of protection from cold
 U - the ring of the Visionary {MR+ EV+3}
   (You found it on level 2 of the Vaults)

   [ring of evasion]

   It affects your evasion (+3).
   It affects your resistance to hostile enchantments.
 V - the ring "Nyuv Qodgh" {*Slow +Blink +Fly Dex+5}
   (You took it off a deep elf high priest on level 3 of the Elven Halls)

   [ring of dexterity]

   It affects your dexterity (+5).
   It lets you fly.
   It lets you blink.
   It may slow you when you take damage.
 X - the ring of Robustness (right hand) {AC+8}
   (You found it on level 5 of the Depths)

   [ring of protection]

   It affects your AC (+8).
 Z - the ring of Eruchoekh {rN+++ Dex-2 Stlth+}
   (You found it in a wizard's laboratory)

   [ring of stealth]

   It affects your dexterity (-2).
   It renders you almost immune to negative energy.
   It makes you more stealthy.
Wands
 w - a wand of digging (32)
 E - a wand of disintegration (57)
 N - a wand of iceblast (50)
 S - a wand of clouds (5)
 T - a wand of acid (18)
 W - a wand of paralysis (44)
Scrolls
 e - 22 scrolls of remove curse
 n - 6 scrolls of blinking
 u - a scroll of holy word
 x - 2 scrolls of summoning
 B - 2 scrolls of magic mapping
 I - 5 scrolls of fear
 K - 8 scrolls of fog
 M - 4 scrolls of acquirement
 O - 12 scrolls of identify
 R - 20 scrolls of teleportation
Potions
 f - 2 potions of cancellation
 g - 26 potions of curing
 h - 8 potions of lignification
 l - 17 potions of heal wounds
 m - 15 potions of haste
 o - 16 potions of invisibility
 p - 4 potions of brilliance
 q - 7 potions of agility
 r - 4 potions of berserk rage
 s - 13 potions of might
 H - 9 potions of mutation
 Y - a potion of resistance
Miscellaneous
 j - a lamp of fire
 v - a lamp of fire
Comestibles
 c - 64 rations


   Skills:
 O Level 27 Fighting
 - Level 26.0 Axes
   Level 6.0 Slings
 O Level 27 Armour
 + Level 22.0 Dodging
 - Level 12.1 Evocations


You had 25 spell levels left.
You didn't know any spells.
Your spell library was empty.

Dungeon Overview and Level Annotations

Branches:
Dungeon (15/15)            Temple (1/1) D:5            Lair (6/6) D:10
 Shoals (4/4) Lair:2        Snake (4/4) Lair:2        Slime (0/5) Lair:6
    Orc (2/2) D:11            Elf (3/3) Orc:2        Vaults (5/5) D:13
  Crypt (0/3) Vaults:3     Depths (5/5) D:15            Zot (5/5) Depths:5
 Bailey (visited)          WizLab (visited)

Altars:
Ashenzari
Cheibriados
Dithmenos
Elyvilon
Fedhas
Gozag
Hepliaklqana
Kikubaaqudgha
Makhleb
Nemelex Xobeh
Okawaru
Qazlal
Ru
Sif Muna
Trog
Uskayaw
Vehumet
Wu Jian
Xom
Yredelemnul
Zin
The Shining One
Beogh

Shops:
D:7 %   D:12 [   Orc:2 *[*%=   Elf:1 =   Elf:2 %(   Shoals:3 !::*[   Snake:1 !
Vaults:4 *   Vaults:5 ??(!   Depths:1 [!=!

Portals:
Hell: Depths:1 Depths:2 Depths:4 Depths:5
Abyss: Depths:2 Depths:4 Depths:5
Pandemonium: Depths:1 Depths:4
Ziggurat: Depths:4

Annotations:
D:9 exclusion: downstairs
Lair:3 exclusion: oklob plant
Depths:2 1 runed translucent door, Ysaaskywk's ghost, veteran DsFi


Innate Abilities, Weirdness & Mutations

You reflexively headbutt those who attack you in melee.
You have a pair of horns on your head.
You are partially covered in molten scales. (AC +2)
You are clumsy. (Dex -2)
Your muscles are strong. (Str +2)


Message History

The fireball explodes!
The fireball engulfs you!!!
* * * LOW HITPOINT WARNING * * *
You hear a shout! x2
You hear a shout! x2
The orb of fire emits a lurid red light.
The bolt of fire misses you.
Things that are here:
a +0 halberd; a black draconian corpse You miss the orb of fire.
You hit the orb of fire. Your headbutt misses the orb of fire.
The orb of fire is lightly damaged.
You slice the orb of fire!!
You headbutt the orb of fire, but do no damage.
The orb of fire is lightly damaged.
You feel sick.
You slash the orb of fire! You headbutt the orb of fire!
The orb of fire is moderately damaged.
The orb of fire glows red.
The fireball explodes!
The fireball engulfs you!!!
You die...

.......# ....^.##
#............. ......#
#............. ......##
#.........^... .......#
#............. .......##
#.............
........###.............
######...###..))........
##..○☼##.))@*......
###...............
#▓▓▓▓▓▓▓▓▓▓▓##..


You could see an orb of fire.

Vanquished Creatures
  2 ancient liches
  Mara (Depths:4)
  3 juggernauts (Depths:4)
  Boris (thrice) (Vaults:2 Vaults:4 Depths:2)
  Frederick (Vaults:4)
  Vashnia (Snake:4)
  A Killer Klown (Zot:2)
  Saint Roka (Elf:2)
  12 golden dragons
  6 caustic shrikes
  4 curse toes
  Nikola (Elf:2)
  An electric golem (Zot:4)
  5 liches
  A moon troll (WizLab)
  18 tentacled monstrosities
  Jorgrun (D:13)
  4 titans
  Asterion (Snake:2)
  2 deep elf blademasters
  2 krakens
  8 Orb Guardians (Zot:5)
  8 quicksilver dragons
  3 deep elf master archers (Elf:3)
  7 tentacled starspawn (WizLab)
  6 death cobs
  7 sphinxes
  An ancient champion (Vaults:4)
  10 shadow dragons
  5 draconian monks
  Agnes (Vaults:4)
  12 storm dragons
  Ilsuiw (Shoals:4)
  6 tengu reavers
  11 frost giants
  Roxanne (D:14)
  12 deep elf sorcerers
  6 nagarajas
  10 fire giants
  4 draconian knights
  3 iron dragons
  A ghost moth (Zot:2)
  14 vault wardens
  Louise (D:14)
  A cacodemon (WizLab)
  4 draconian scorchers
  Aizul (Elf:2)
  A ghoul (Vaults:3)
  A draconian stormcaller (Zot:1)
  2 reapers
  5 draconian shifters
  4 draconian annihilators
  14 ironheart preservers
  A spriggan defender (Vaults:4)
  17 stone giants
  3 deep elf elementalists
  15 very ugly things
  2 entropy weavers
  4 war gargoyles
  5 vampire knights
  8 green draconians
  8 black draconians
  3 deep elf demonologists
  8 white draconians
  11 deep elf annihilators
  7 red draconians
  A lorocyproca (Depths:4)
  5 yellow draconians
  Azrael (D:14)
  6 purple draconians
  7 spark wasps
  A crystal guardian (WizLab)
  A green death (Depths:2)
  8 ettins
  A blizzard demon (Depths:2)
  5 deep elf death magi
  A fire dragon (shapeshifter) (Vaults:5)
  Snorg (D:10)
  4 small abominations
  12 fire dragons
  11 merfolk impalers
  7 deep elf high priests
  15 great orbs of eyes
  The ghost of Ynurohaj the Blocker, a journeyman VSFi of Qazlal (D:13)
  6 hydras
  5 merfolk javelineers (Shoals:4)
  24 vault guards (Vaults:5)
  11 yaktaur captains
  12 naga warriors
  3 merfolk avatars
  20 ice dragons
  17 centaur warriors
  6 rakshasas
  3 spriggan air magi
  3 catoblepae
  47 two-headed ogres
  13 ogre magi
  2 alligator snapping turtles
  28 dancing weapons
  8 anacondas
  4 merfolk aquamancers (Shoals:4)
  5 satyrs
  5 tengu warriors
  The ghost of kaisn the Carver, a novice GnWn of Cheibriados (D:9)
  A death knight (Vaults:3)
  A death yak (Lair:5)
  Urug (Lair:3)
  9 deep troll shamans
  A vampire mage (Depths:2)
  5 deep troll earth magi
  11 shock serpents
  The ghost of nawrastar the Spear-Bearer, a novice MfSk (D:9)
  3 spriggan berserkers
  11 naga sharpshooters
  25 deep elf knights
  3 iron trolls
  A soul eater (Depths:2)
  Nergalle (D:11)
  2 unseen horrors
  2 wretched stars (WizLab)
  6 hell knights
  3 glowing orange brains (WizLab)
  An infernal demonspawn (Depths:1)
  3 salamander mystics
  A shadow wraith (Depths:2)
  8 sea snakes
  A flayed ghost (Vaults:2)
  12 wizards
  14 naga ritualists
  20 deep trolls
  11 deep elf archers
  4 large abominations
  15 harpies
  3 phantasmal warriors
  A harpy (shapeshifter) (Depths:2)
  19 orc knights
  12 ironbrand convokers
  Pikel (D:5)
  3 necromancers
  11 mana vipers
  31 ugly things
  8 salamanders
  3 orc sorcerers (Vaults:3)
  15 manticores
  15 cyclopes
  52 deep elf magi
  23 moths of wrath
  An iron dragon skeleton (Depths:2)
  6 wolf spiders
  A black mamba (shapeshifter) (Depths:1)
  9 naga magi
  17 fauns
  A shadow dragon skeleton (Depths:2)
  7 merfolk sirens
  6 elephants
  A rust devil (Depths:4)
  5 water nymphs
  36 black mambas
  A water nymph (shapeshifter) (Vaults:5)
  9 guardian serpents
  13 vault sentinels
  A spiny frog (shapeshifter) (Vaults:4)
  2 ice statues (Depths:2)
  7 eyes of devastation (WizLab)
  An orange demon (Depths:4)
  6 spiny frogs
  50 yaktaurs
  7 rime drakes
  2 rime drakes (shapeshifter)
  8 starcursed masses (WizLab)
  5 freezing wraiths
  A demonic crawler (Depths:2)
  5 ice devils
  10 komodo dragons
  6 tengu conjurers
  3 meliai (D:14)
  2 red devils (Depths:1)
  9 polar bears
  5 hornets
  22 merfolk
  17 trolls
  A wind drake (shapeshifter) (Vaults:5)
  4 tyrant leeches (Depths:5)
  A raiju (shapeshifter) (Vaults:3)
  19 slime creatures
  A hippogriff (shapeshifter) (Vaults:1)
  8 blink frogs
  3 wind drakes
  A sphinx simulacrum (Vaults:2)
  5 dream sheep
  2 slime creatures (shapeshifter)
  An ettin zombie (Depths:2)
  9 hippogriffs
  15 snapping turtles
  A dream sheep (shapeshifter) (Vaults:4)
  A centaur simulacrum (D:15)
  5 air elementals
  2 shadows
  2 ynoxinuls
  A redback (shapeshifter) (Vaults:5)
  2 spriggans (shapeshifter)
  A human (shapeshifter) (Depths:4)
  2 wraiths
  16 water elementals
  3 fire elementals
  4 basilisks
  46 yaks
  A hungry ghost (D:10)
  4 wyverns
  4 fire bats (Depths:5)
  5 golden eyes (WizLab)
  2 neqoxecs (WizLab)
  A steam dragon (D:10)
  A chaos spawn (Depths:2)
  2 wargs
  An insubstantial wisp (Depths:2)
  54 nagas
  A soldier ant (shapeshifter) (Vaults:4)
  3 vampire mosquitoes (Depths:2)
  An acid dragon (D:14)
  7 water moccasins
  5 hell hounds (D:14)
  A floating eye (shapeshifter) (D:15)
  7 porcupines
  2 slaves (D:5)
  3 sky beasts
  5 ice beasts
  52 orc warriors
  An eye of draining (shapeshifter) (Vaults:1)
  5 black bears
  4 phantoms
  21 centaurs
  An ogre (shapeshifter) (Depths:1)
  4 boggarts (Depths:1)
  13 wolves
  58 ogres
  17 crocodiles
  13 bullfrogs
  2 wyvern zombies
  3 big kobolds
  A glowing shapeshifter simulacrum (Depths:2)
  6 earth elementals
  2 hornet simulacra
  4 scorpions
  A wyvern skeleton (D:6)
  16 killer bees
  A wight (Vaults:3)
  6 electric eels
  A vampire bat (Orc:2)
  7 howler monkeys
  5 bullfrog zombies
  4 centaur zombies
  6 crimson imps
  5 hounds
  9 jellies
  19 orc priests
  30 orc wizards
  5 centaur skeletons
  2 gnoll shamans
  A bullfrog skeleton (D:4)
  An iguana (D:10)
  Natasha (thrice) (D:2)
  3 hell rats
  12 worker ants
  6 polar bear simulacra (Lair:2)
  4 yak simulacra (Lair:2)
  2 killer bee zombies (D:6)
  A human simulacrum (D:11)
  A hound skeleton (D:5)
  8 mummies (Ossuary)
  3 worker ant zombies
  15 gnolls
  17 adders
  A howler monkey skeleton (D:10)
  6 river rats (Lair:6)
  3 shadow imps
  An ooze (D:1)
  2 adder skeletons
  4 worms
  2 dart slugs
  5 leopard geckos
  156 orcs
  10 giant cockroaches
  A gnoll zombie (Ossuary)
  14 goblins
  3 hobgoblins
  A hobgoblin (shapeshifter) (Vaults:5)
  5 jackals
  4 quokkas
  A ball python (D:7)
  11 bats
  4 frilled lizards
  4 hobgoblin zombies (Ossuary)
  12 kobolds
  2 leopard gecko zombies
  3 orc zombies (Ossuary)
  A quokka skeleton (D:4)
  12 rats
  A river rat simulacrum (Lair:2)
  7 crawling corpses
  5 fungi
  4 plants
  13 starspawn tentacles (WizLab)
  4 tentacles (Shoals:2)
2270 creatures vanquished.

Vanquished Creatures (collateral kills)
  The ghost of shruggingcutely the Fighter, a journeyman DrAE of Ru (D:9)
  A merfolk avatar (Lair:6)
  The ghost of Fandomethor the Basher, a journeyman GrFi of Okawaru (D:9)
  A centaur (D:8)
4 creatures vanquished.

Vanquished Creatures (others)
  A fire giant (Depths:5)
  A deep elf knight (Elf:2)
  An iron troll (Depths:5)
  A necromancer (Depths:5)
  A deep elf mage (Elf:2)
  A moth of wrath (Zot:2)
  A salamander (shapeshifter) (Vaults:4)
  A yaktaur (Vaults:5)
  A vampire (D:13)
  A fire elemental (Elf:3)
  A water elemental (Elf:3)
  2 boggarts
  2 ogres
  A howler monkey (D:5)
  A hound (D:5)
  A human simulacrum (D:11)
  2 demonic plants (WizLab)
  21 fungi
  12 plants
  15 starspawn tentacles (WizLab)
  8 tentacles
  2 withered plants (D:9)
78 creatures vanquished.

Grand Total: 2352 creatures vanquished

Notes
Turn   | Place    | Note
-------+----------+-------------------------------------------
     0 | D:1      | Hawk2021 the Minotaur Berserker began the quest for the
                  | Orb.
     0 | D:1      | Reached XP level 1. HP: 19/19 MP: 0/0
   149 | D:1      | Reached XP level 2. HP: 24/27 MP: 1/1
   559 | D:1      | Reached XP level 3. HP: 31/33 MP: 2/2
   615 | D:2      | Reached ** piety under Trog
   786 | D:2      | Noticed Natasha
   791 | D:2      | Killed Natasha
   791 | D:2      | Reached XP level 4. HP: 40/40 MP: 3/3
   825 | D:2      | Reached skill level 5 in Axes
   884 | D:2      | Noticed Natasha
   891 | D:2      | Killed Natasha
   933 | D:2      | Reached XP level 5. HP: 19/47 MP: 4/4
  1442 | D:2      | Noticed Natasha
  1450 | D:2      | Killed Natasha
  1664 | D:3      | Found a blossoming altar of Fedhas.
  2262 | D:3      | Reached XP level 6. HP: 45/55 MP: 5/5
  2385 | D:4      | Reached skill level 5 in Fighting
  2553 | D:4      | Reached *** piety under Trog
  2751 | D:4      | Reached XP level 7. HP: 46/61 MP: 6/6
  3304 | D:5      | Entered Level 5 of the Dungeon
  3341 | D:5      | Noticed Pikel
  3355 | D:5      | Killed Pikel
  3355 | D:5      | Reached skill level 5 in Armour
  3355 | D:5      | Reached skill level 5 in Dodging
  3355 | D:5      | Reached XP level 8. HP: 70/70 MP: 7/7
  3540 | D:5      | Found a sand-covered staircase.
  3554 | Ossuary  | Entered an ossuary
  4308 | D:5      | Found a staircase to the Ecumenical Temple.
  4437 | Temple   | Entered the Ecumenical Temple
  4693 | D:6      | Reached **** piety under Trog
  4733 | D:6      | Reached skill level 10 in Axes
  4736 | D:6      | Found a shimmering altar of Xom.
  4774 | D:6      | Reached XP level 9. HP: 55/81 MP: 8/8
  5004 | D:6      | Reached skill level 1 in Slings
  5004 | D:6      | Reached skill level 1 in Evocations
  5169 | D:6      | Found a white marble altar of Elyvilon.
  5219 | D:7      | Found Safikij's Food Emporium.
  5858 | D:7      | Found an iron altar of Okawaru.
  5859 | D:7      | Found a burning altar of Makhleb.
  5864 | D:7      | Found a glowing golden altar of the Shining One.
  5866 | D:7      | Found a basalt altar of Yredelemnul.
  5867 | D:7      | Found a blossoming altar of Fedhas.
  6164 | D:8      | Found a snail-covered altar of Cheibriados.
  6245 | D:8      | Found a transporter.
  6246 | D:8      | Noticed a tengu conjurer
  6249 | D:8      | Found a transporter.
  6249 | D:8      | Noticed a fire dragon
  6864 | D:8      | Found a hazy altar of Hepliaklqana.
  6980 | D:9      | Noticed a two-headed ogre
  6986 | D:9      | Killed a two-headed ogre
  6986 | D:9      | Reached XP level 10. HP: 91/91 MP: 11/11
  7442 | D:9      | Found a runed gate.
  7442 | D:9      | Found a runed gate.
  7444 | D:9      | Found a runed gate.
  7444 | D:9      | Noticed kaisn's ghost (novice GnWn)
  7445 | D:9      | Noticed Fandomethor's ghost (journeyman GrFi)
  7447 | D:9      | Noticed nawrastar's ghost (novice MfSk)
  7447 | D:9      | Noticed shruggingcutely's ghost (journeyman DrAE)
  7483 | D:10     | Entered Level 10 of the Dungeon
  7503 | D:10     | HP: 3/91 [yak (7)]
  7504 | D:10     | HP: 1/91 [yak (2)]
  8543 | D:10     | Reached skill level 5 in Slings
  8552 | D:10     | Reached skill level 10 in Fighting
  8708 | D:10     | Noticed Snorg
  8723 | D:10     | Killed Snorg
  8725 | D:10     | Reached XP level 11. HP: 100/100 MP: 13/13
  8736 | D:10     | Reached ***** piety under Trog
  8834 | D:10     | Reached skill level 5 in Evocations
  8886 | D:10     | Found a staircase to the Lair.
  9356 | D:10     | Upgraded the game from 0.22-a0-855-g415d086bb8 to
                  | 0.24-a0-715-g0b739ee41d
  9497 | Lair:1   | Entered Level 1 of the Lair of Beasts
  9912 | Lair:1   | Received a gift from Trog
  9971 | Lair:1   | Noticed a five-headed hydra
  9981 | Lair:1   | Killed a five-headed hydra
 10019 | Lair:1   | Noticed an eight-headed hydra
 10026 | Lair:1   | Killed an eight-headed hydra
 10896 | Lair:2   | Found a staircase to the Shoals.
 11203 | Lair:2   | Found a staircase to the Snake Pit.
 11245 | Lair:2   | Reached XP level 12. HP: 112/112 MP: 12/15
 12377 | Lair:3   | Noticed Urug
 12391 | Lair:3   | Killed Urug
 12459 | Lair:3   | Identified the cursed +1 eveningstar "Avobuwn" {protect,
                  | rPois rC+} (You found it on level 3 of the Lair of Beasts)
 12539 | Lair:3   | Received a gift from Trog
 12717 | Lair:3   | Reached skill level 15 in Axes
 13229 | Lair:4   | Noticed a seven-headed hydra
 13240 | Lair:4   | Killed a seven-headed hydra
 14278 | Lair:5   | Noticed a death yak
 14285 | Lair:5   | Killed a death yak
 14285 | Lair:5   | Reached XP level 13. HP: 122/122 MP: 17/17
 14757 | Lair:6   | Entered Level 6 of the Lair of Beasts
 15295 | Lair:6   | Identified the +4 troll leather armour of Grace {rN+ Regen+
                  | rCorr Stlth+} (You found it on level 6 of the Lair of
                  | Beasts)
 15317 | Lair:6   | Paralysed by a hornet for 3 turns
 15480 | Lair:6   | Paralysed by a hornet for 2 turns
 15636 | Lair:6   | Found a staircase to the Slime Pits.
 16003 | Lair:6   | Received a gift from Trog
 16009 | Lair:6   | Reached skill level 10 in Armour
 16261 | D:11     | Found a staircase to the Orcish Mines.
 16544 | D:11     | Noticed Nergalle
 16817 | D:12     | Found Waamel's Antique Armour Shoppe.
 16841 | D:12     | Got a polished crystal plate armour
 16861 | D:12     | Received a gift from Trog
 16903 | D:12     | Identified the +11 crystal plate armour of Asseraca {rPois
                  | rN+ Int+4} (You found it on level 12 of the Dungeon)
 16944 | D:12     | Bought a steaming cloak for 256 gold pieces
 16954 | D:12     | Identified the +4 cloak "Xeolapno" {Int+2 Dex+4} (You
                  | bought it in a shop on level 12 of the Dungeon)
 17038 | D:12     | Received a gift from Trog
 17038 | D:12     | Reached XP level 14. HP: 91/130 MP: 12/19
 17733 | D:13     | Noticed Jorgrun
 17751 | D:13     | Killed Jorgrun
 17751 | D:13     | Reached skill level 10 in Dodging
 17779 | D:13     | Received a gift from Trog
 17831 | D:13     | Noticed an ironheart preserver
 17833 | D:13     | Found a gate to the Vaults.
 17841 | D:13     | Killed an ironheart preserver
 17940 | D:13     | Found a runed translucent gate.
 17940 | D:13     | Found a runed translucent gate.
 17961 | D:13     | Found a runed translucent gate.
 17962 | D:13     | Noticed a tengu reaver
 17963 | D:13     | Noticed a storm dragon
 17963 | D:13     | Noticed Ynurohaj's ghost (journeyman VSFi)
 18351 | D:13     | Killed a storm dragon
 18370 | D:13     | Killed a tengu reaver
 18619 | D:13     | Killed Ynurohaj's ghost
 18689 | D:14     | Found a stormy altar of Qazlal.
 18753 | D:14     | Identified Roxanne's Collected Works on the Rocks
 18753 | D:14     | Noticed Roxanne
 18779 | D:14     | Killed Roxanne
 18779 | D:14     | Reached skill level 15 in Fighting
 18806 | D:14     | Noticed Azrael
 18825 | D:14     | Killed Azrael
 18955 | D:14     | Found a flagged portal.
 18964 | Bailey   | Entered a bailey
 19237 | Bailey   | Received a gift from Trog
 19466 | Bailey   | Identified 3 scrolls of acquirement
 19663 | D:14     | You are sucked into a shaft and drop 1 floor!
 19663 | D:15     | Entered Level 15 of the Dungeon
 20094 | D:14     | Received a gift from Trog
 20094 | D:14     | Reached XP level 15. HP: 139/141 MP: 18/20
 20161 | D:14     | Noticed Louise
 20183 | D:14     | Killed Louise
 20478 | D:15     | Received a gift from Trog
 20649 | D:15     | Found a staircase to the Depths.
 20817 | D:15     | Received a gift from Trog
 21231 | Orc:1    | Entered Level 1 of the Orcish Mines
 21271 | Orc:1    | Upgraded the game from 0.24-a0-715-g0b739ee41d to
                  | 0.24-a0-725-gf1a930fc54
 21369 | Orc:1    | You are sucked into a shaft and drop 1 floor!
 21369 | Orc:2    | Entered Level 2 of the Orcish Mines
 21369 | Orc:2    | Found a staircase to the Elven Halls.
 21441 | Orc:2    | Found Yridal's Assorted Antiques.
 21492 | Orc:2    | Reached skill level 10 in Evocations
 21502 | Orc:2    | Received a gift from Trog
 21608 | Orc:2    | Found Woumuni's General Store.
 21611 | Orc:2    | Bought a smoking golden ring for 155 gold pieces
 21611 | Orc:2    | Identified the ring "Tixe" {Ice *Contam rElec MR+ Int+2}
                  | (You bought it in a shop on level 2 of the Orcish Mines)
 21627 | Orc:2    | Found Firaxyle's Jewellery Shoppe.
 21628 | Orc:2    | Found Jinguc's Armour Emporium.
 21718 | Orc:2    | Reached ****** piety under Trog
 22126 | Orc:2    | Found Nunoedea's Food Shop.
 22180 | Orc:1    | Received a gift from Trog
 22242 | Orc:1    | Found a roughly hewn altar of Beogh.
 22615 | D:11     | Killed Nergalle
 22615 | D:11     | Received a gift from Trog
 22822 | D:9      | Killed nawrastar's ghost
 22823 | D:9      | Killed kaisn's ghost
 22825 | D:9      | Killed Fandomethor's ghost
 22832 | D:9      | Killed shruggingcutely's ghost
 22964 | Snake:1  | Entered Level 1 of the Snake Pit
 23154 | Snake:1  | Reached XP level 16. HP: 149/149 MP: 19/22
 23959 | Snake:1  | Found Usuptix's Distillery.
 23973 | Snake:1  | Bought a potion of curing for 33 gold pieces
 23973 | Snake:1  | Bought a potion of heal wounds for 55 gold pieces
 23973 | Snake:1  | Bought a potion of haste for 110 gold pieces
 23973 | Snake:1  | Bought a potion of curing for 33 gold pieces
 24171 | Snake:2  | Noticed Asterion
 24190 | Snake:2  | Killed Asterion
 24835 | Snake:3  | Received a gift from Trog
 24990 | Snake:3  | Reached skill level 15 in Armour
 26097 | Snake:4  | Entered Level 4 of the Snake Pit
 26173 | Snake:4  | Received a gift from Trog
 26420 | Snake:4  | Reached XP level 17. HP: 109/161 MP: 20/23
 26642 | Snake:4  | Received a gift from Trog
 26672 | Snake:4  | Noticed Vashnia
 27060 | Snake:4  | Killed Vashnia
 27317 | Snake:4  | Got a serpentine rune of Zot
 27763 | Shoals:1 | Entered Level 1 of the Shoals
 27800 | Shoals:1 | Received a gift from Trog
 28126 | Shoals:1 | Received a gift from Trog
 28633 | Shoals:2 | Received a gift from Trog
 28867 | Snake:4  | Got an encrusted battleaxe {god gift}
 28868 | Snake:4  | Identified the +5 battleaxe of Shrieking Terror {vamp, rF+
                  | Str+5} (Trog gifted it to you on level 4 of the Snake Pit)
 29068 | Shoals:2 | Noticed a kraken
 29078 | Shoals:2 | Killed a kraken
 29618 | Shoals:3 | Found Oni Sal's Book Shoppe.
 29670 | Shoals:3 | Found a runed translucent door.
 29787 | Shoals:3 | Reached XP level 18. HP: 159/173 MP: 19/24
 29808 | Shoals:3 | Found Ocraunup's Distillery.
 29866 | Shoals:3 | Bought a potion of haste for 140 gold pieces
 29866 | Shoals:3 | Bought a potion of haste for 140 gold pieces
 29989 | Shoals:3 | Found Gamp's Antique Armour Shop.
 30161 | Shoals:3 | Found Tynaesif's Book Emporium.
 30181 | Shoals:3 | Found Usiluw's Assorted Antiques.
 30218 | Shoals:3 | Received a gift from Trog
 30643 | Shoals:4 | Entered Level 4 of the Shoals
 30644 | Shoals:4 | Found a white marble altar of Elyvilon.
 31063 | Shoals:4 | Found a shattered altar of Ashenzari.
 31082 | Shoals:4 | Noticed Ilsuiw
 31128 | Shoals:4 | Killed Ilsuiw
 31340 | Shoals:4 | Identified the +5 scythe of Domination {antimagic, rPois
                  | rN+} (You found it on level 4 of the Shoals)
 31500 | Shoals:4 | Got a barnacled rune of Zot
 31536 | Shoals:4 | Reached skill level 15 in Dodging
 31861 | Vaults:1 | Entered Level 1 of the Vaults
 31862 | Vaults:1 | Upgraded the game from 0.24-a0-725-gf1a930fc54 to
                  | 0.24-a0-736-g4e6fe308c7
 31928 | Vaults:1 | Received a gift from Trog
 32288 | Vaults:1 | Found a magical portal.
 32475 | WizLab   | Reached XP level 19. HP: 154/185 MP: 15/25
 32802 | WizLab   | Found a transporter.
 32902 | WizLab   | Found a transporter.
 32948 | WizLab   | Gained mutation: Your magical capacity is extremely low.
                  | (-30% MP) [a cacodemon]
 33098 | WizLab   | Received a gift from Trog
 33465 | WizLab   | Got a shimmering copper ring
 33467 | WizLab   | Got a smoking copper ring
 33492 | Vaults:1 | Identified the ring "Ewibunun" {*Tele rPois Stlth+} (You
                  | found it in a wizard's laboratory)
 33493 | Vaults:1 | Identified the ring of Eruchoekh {rN+++ Dex-2 Stlth+} (You
                  | found it in a wizard's laboratory)
 33691 | Vaults:1 | Received a gift from Trog
 33860 | Vaults:1 | Received a gift from Trog
 35053 | Vaults:2 | Identified the ring of the Visionary {MR+ EV+3} (You found
                  | it on level 2 of the Vaults)
 35189 | Vaults:2 | Noticed Boris
 35204 | Vaults:2 | Killed Boris
 35204 | Vaults:2 | Reached XP level 20. HP: 194/195 MP: 24/24
 35284 | Vaults:2 | Received a gift from Trog
 36578 | Vaults:3 | Lost mutation: Your magical capacity is low. (-10% MP)
                  | [potion of mutation]
 36578 | Vaults:3 | Gained mutation: You are clumsy. (Dex -2) [potion of
                  | mutation]
 36578 | Vaults:3 | Gained mutation: Your muscles are strong. (Str +2) [potion
                  | of mutation]
 37613 | Vaults:3 | Received a gift from Trog
 37623 | Vaults:3 | Found a staircase to the Crypt.
 37630 | Vaults:3 | Identified the +6 broad axe "Minotaur's Foe" {speed, *Drain
                  | rElec Dex+9 Stlth+} (Trog gifted it to you on level 3 of
                  | the Vaults)
 37779 | Vaults:4 | Noticed Boris
 37803 | Vaults:4 | Killed Boris
 38309 | Vaults:4 | Found Fapatuel's Assorted Antiques.
 38312 | Vaults:4 | Bought the +8 frozen axe "Frostbite" {freezing cloud,
                  | *Noise +Fly rC+} for 2329 gold pieces
 38312 | Vaults:4 | Found the +8 frozen axe "Frostbite" {freezing cloud, *Noise
                  | +Fly rC+}
 38321 | Vaults:4 | Received a gift from Trog
 38328 | Vaults:4 | Noticed Agnes
 38338 | Vaults:4 | Killed Agnes
 38340 | Vaults:4 | Noticed Frederick
 38350 | Vaults:4 | Killed Frederick
 38350 | Vaults:4 | Reached XP level 21. HP: 167/207 MP: 26/29
 38492 | Vaults:5 | Entered Level 5 of the Vaults
 38532 | Vaults:5 | Noticed an ancient lich
 38538 | Vaults:5 | Received a gift from Trog
 38547 | Vaults:5 | Killed an ancient lich
 38615 | Vaults:5 | Paralysed by a sphinx for 2 turns
 38752 | Vaults:4 | Upgraded the game from 0.24-a0-736-g4e6fe308c7 to
                  | 0.24-a0-762-gca426f56c8
 38775 | Vaults:5 | Reached XP level 22. HP: 212/220 MP: 27/30
 38828 | Vaults:4 | Received a gift from Trog
 39240 | Vaults:5 | Got a coiled platinum ring
 39241 | Vaults:5 | Identified the ring of Zaathuojutt {Wiz *Slow rElec Str+3
                  | Int+3} (You found it on level 5 of the Vaults)
 39252 | Vaults:5 | Found Lanuif's Antique Weapon Shop.
 39260 | Vaults:5 | Bought a pitted battleaxe for 356 gold pieces
 39260 | Vaults:5 | Identified the +9 battleaxe "Sommukk" {drain, rC+ MR++}
                  | (You bought it in a shop on level 5 of the Vaults)
 39363 | Vaults:5 | Found Dacharyt's Magic Scroll Shoppe.
 39378 | Vaults:5 | Bought a scroll of identify for 42 gold pieces
 39378 | Vaults:5 | Bought a scroll of identify for 42 gold pieces
 39378 | Vaults:5 | Bought a scroll of blinking for 157 gold pieces
 39396 | Vaults:5 | Found Bupaihi's Distillery.
 39406 | Vaults:5 | Bought a potion of invisibility for 112 gold pieces
 39406 | Vaults:5 | Bought a potion of heal wounds for 70 gold pieces
 39438 | Vaults:5 | Found Qufenn's Magic Scroll Emporium.
 39442 | Vaults:5 | Bought a scroll of identify for 28 gold pieces
 39442 | Vaults:5 | Bought a scroll of identify for 28 gold pieces
 39508 | Vaults:5 | Identified the cursed +0 war axe "Qiric" {holy, *Rage rF++
                  | Str+3 Dex+3}
 39508 | Vaults:5 | Identified the ring of Couneoly {*Slow MR+ Slay+2 SInv
                  | Stlth-}
 39537 | Vaults:5 | Got a silver rune of Zot
 39969 | Vaults:5 | Identified the cursed +0 plate armour of Shielding {+Inv
                  | rF+ rCorr} (You found it on level 5 of the Vaults)
 40451 | Elf:1    | Entered Level 1 of the Elven Halls
 40864 | Elf:1    | Received a gift from Trog
 40879 | Elf:1    | Found Isoushruo's Jewellery Boutique.
 41113 | Elf:1    | Identified the +2 halberd of Greatest Utility {chop, rElec
                  | Str+4}
 41377 | Elf:2    | Found a flickering gateway to a bazaar.
 41405 | Bazaar   | Entered a bazaar
 41405 | Bazaar   | Found Ganear's Gadget Shoppe.
 41405 | Bazaar   | Found Watrewel's Armour Emporium.
 41409 | Bazaar   | Found Qalipsyr's Distillery.
 41423 | Bazaar   | Found Nogan's Weapon Emporium.
 41655 | Elf:2    | Found Boerah's Weapon Shop.
 41769 | Elf:2    | Noticed Nikola
 41784 | Elf:2    | Killed Nikola
 41852 | Elf:2    | Found Ucivi's Food Shoppe.
 41864 | Elf:2    | Received a gift from Trog
 41927 | Elf:2    | Found a huge runed translucent gate.
 41929 | Elf:2    | Found a huge runed translucent gate.
 41929 | Elf:2    | Found a huge runed translucent gate.
 41930 | Elf:2    | Found a huge runed translucent gate.
 41930 | Elf:2    | Found a huge runed translucent gate.
 41938 | Elf:2    | Noticed Saint Roka
 42139 | Elf:2    | Killed Saint Roka
 42197 | Elf:2    | Noticed Aizul
 42212 | Elf:2    | Killed Aizul
 42212 | Elf:2    | Received a gift from Trog
 42471 | Elf:3    | Entered Level 3 of the Elven Halls
 42601 | Elf:3    | Reached XP level 23. HP: 229/229 MP: 31/31
 42947 | Elf:3    | Received a gift from Trog
 43062 | Elf:3    | Identified the cursed +3 whip "Joeb" {antimagic, rN+ Str-4
                  | Int+8}
 43063 | Elf:3    | Identified the +5 plate armour of Rinki {rC++}
 43063 | Elf:3    | Identified the ring "Nyuv Qodgh" {*Slow +Blink +Fly Dex+5}
 43099 | Elf:3    | Identified a +2 pair of boots of running (You found it on
                  | level 3 of the Elven Halls)
 43226 | Elf:3    | Found the amulet of the Air {Inacc +Fly rElec EV+5 RMsl}
 43667 | Depths:1 | Entered Level 1 of the Depths
 43717 | Depths:1 | Found a gateway to Hell.
 43731 | Depths:1 | Found Inaeff's Distillery.
 43748 | Depths:1 | Received a gift from Trog
 43763 | Depths:1 | Found a one-way gate leading to the halls of Pandemonium.
 43785 | Depths:1 | Bought 2 potions of might for 152 gold pieces
 43785 | Depths:1 | Bought a potion of haste for 190 gold pieces
 43785 | Depths:1 | Bought a potion of might for 76 gold pieces
 43785 | Depths:1 | Bought a potion of heal wounds for 95 gold pieces
 43870 | Depths:1 | Found Fuplegey's Antique Armour Boutique.
 43977 | Depths:1 | Found Ruqumuj's Distillery.
 43985 | Depths:1 | Bought a potion of heal wounds for 70 gold pieces
 43985 | Depths:1 | Bought a potion of heal wounds for 70 gold pieces
 43985 | Depths:1 | Bought a potion of heal wounds for 70 gold pieces
 44040 | Depths:1 | Found Jyggeviu's Jewellery Shoppe.
 44227 | Depths:2 | Identified the +2 robe "Dirche" {+Inv MR+ Int+4 Slay+2}
 44236 | Depths:2 | Noticed Boris
 44254 | Depths:2 | Killed Boris
 44278 | Depths:2 | Received a gift from Trog
 44513 | Depths:2 | Noticed an ancient lich
 44579 | Depths:2 | Killed an ancient lich
 44652 | Depths:2 | Found a runed translucent door.
 44653 | Depths:2 | Found a shimmering altar of Xom.
 44654 | Depths:2 | Noticed Ysaaskywk's ghost (veteran DsFi)
 44714 | Depths:2 | Found a runed translucent gate.
 44715 | Depths:2 | Found a runed translucent gate.
 44715 | Depths:2 | Found a runed translucent gate.
 44772 | Depths:2 | Found a one-way gate to the infinite horrors of the Abyss.
 45095 | Depths:2 | Reached XP level 24. HP: 244/244 MP: 31/31
 45100 | Depths:2 | Received a gift from Trog
 45293 | Depths:3 | Identified the ring "Luugh" {rPois rF++ EV+1} (You found it
                  | on level 3 of the Depths)
 45440 | Depths:4 | Noticed a juggernaut
 45446 | Depths:4 | Killed a juggernaut
 45463 | Depths:4 | Noticed a juggernaut
 45491 | Depths:4 | Killed a juggernaut
 45506 | Depths:4 | Received a gift from Trog
 45635 | Depths:4 | Noticed a juggernaut
 45652 | Depths:4 | Killed a juggernaut
 46072 | Depths:4 | Found a gateway to a ziggurat.
 46100 | Depths:4 | Noticed Mara
 46118 | Depths:4 | Noticed Hawk2021's illusion
 46125 | Depths:4 | Killed Mara
 47283 | Depths:5 | Entered Level 5 of the Depths
 47315 | Depths:5 | Received a gift from Trog
 47327 | Depths:5 | Reached XP level 25. HP: 255/255 MP: 31/31
 47484 | Depths:5 | Found a gate to the Realm of Zot.
 47600 | Depths:5 | Reached skill level 27 in Fighting
 47658 | Depths:5 | Received a gift from Trog
 47756 | Depths:5 | Found the ring of Robustness {AC+8}
 47836 | Depths:5 | Gained mutation: You are partially covered in molten
                  | scales. (AC +2) [mutagenic glow]
 48004 | Zot:1    | Entered Level 1 of the Realm of Zot
 49641 | Zot:2    | Received a gift from Trog
 49710 | Zot:2    | Noticed a Killer Klown
 49728 | Zot:2    | Killed a Killer Klown
 49728 | Zot:2    | Reached XP level 26. HP: 266/266 MP: 31/31
 50374 | Zot:3    | Cast into level 3 of the Abyss (green draconian knight)
 50414 | Zot:3    | Escaped the Abyss
 51013 | Zot:4    | Reached skill level 27 in Armour
 51281 | Zot:4    | Received a gift from Trog
 51899 | Zot:5    | Entered Level 5 of the Realm of Zot
 52018 | Zot:5    | Noticed an orb of fire
 52026 | Zot:5    | Killed from afar by an orb of fire

Levels and vault maps discovered:
D:1:      minmay_arrival_checkered_box
D:2:      uniq_natasha
D:3:      fedhas_altar_3
D:5:      minmay_temple_entry_glassed_door, first_ration,
          lightli_ossuary_entry_decrepit_ruins, uniq_pikel
D:6:      xom_confusion_cloud, kennysheep_little_box
D:7:      minitemple, serial_shops, shop_statue
D:8:      old_standard_altar, gammafunk_temple_overflow_arena,
          blue_anna_alchemist
D:9:      gammafunk_ghost_cemetery
D:10:     erik_rubicon_a, due_lair_maze_entry_diamond, uniq_snorg
D:11:     layout_roguey, kennysheep_orc_monster_closet_entryway,
          bh_circular_ruins, uniq_nergalle
D:12:     layout_basic, serial_shops, shop, minmay_radiant
D:13:     layout_big_octagon, skrybe_vaults_entry_preservation,
          gammafunk_ghost_split, uniq_jorgrun
D:14:     layout_loops_ring, enter_bailey_3, nicolae_sextant, basic_altar,
          uniq_azrael, uniq_louise, uniq_roxanne
D:15:     hangedman_depths_entry_try_elsewhere_first, layout_irregular_city,
          serial_bayou_lagoon_a
Temple:   nicolae_temple_figure_eight
Lair:1:   layout_roguey, chequers_serial_rivers_room_a,
          cheibrodos_lair_lostbears
Lair:2:   layout_hall_layers, minmay_shoals_entry_beasts,
          guppyfry_snake_entry_island, serial_bayou_pond_c,
          eino_house_with_fridge
Lair:3:   dpeg_oklob_gauntlet, layout_gridlike, serial_bayou_shore_b,
          infiniplex_staircase_pool, uniq_urug
Lair:4:   layout_regular_city, grunt_megastairs_5
Lair:5:   layout_hall_layers, beast_lair_carwin_1, infiniplex_staircase_pool_2
Lair:6:   gammafunk_lair_ancient_temple, layout_regular_city,
          minmay_slime_entry_pillars, kennysheep_rathole, lemuel_fruit_fields
Shoals:1: layout_shoals, overgrown_statue
Shoals:2: layout_shoals, nicolae_shoals_square_sea_wall
Shoals:3: layout_shoals, serial_shops, shop, shop,
          nicolae_shop_competitors_out_of_business,
          nicolae_shop_window_shopping, shop, lightli_airlock
Shoals:4: shoals_end_grunt_ice, layout_shoals, shoals_ilsuiw_ice,
          hangedman_feature_mirror
Snake:1:  layout_honeycomb, serial_shops, nicolae_shop_window_shopping
Snake:2:  layout_rooms, special_room, st_stairs_2, uniq_asterion
Snake:3:  layout_layer_cave, serial_bayou_shore_b, serial_bayou_shore_b
Snake:4:  johnstein_snake_rune_scales, layout_rooms, fake_guardian_serpent_vault
Orc:1:    layout_caves, basic_altar
Orc:2:    st_orc_open, layout_diamond_mine, serial_shops, shop_coins,
          roderic_batcave, guppyfry_library_mini
Elf:1:    eino_elf_arrival_the_gate, layout_onion_city, serial_shops, shop,
          hangedman_elf_disciples
Elf:2:    layout_onion_city, serial_shops, bzr_entry_water, shop_statue, shop,
          uniq_nikola, uniq_saint_roka, uniq_agnes, uniq_aizul
Elf:3:    minmay_elf_hall_furrowed, layout_geoelf_diagonals
Vaults:1: v_misc_32, grunt_vaults_diagonal, vaults_room_door_hall,
          vaults_room_grid, nicolae_vaults_big_angled_halls,
          nicolae_vaults_specimen_jars, vaults_dpeg_diagonal,
          ontoclasm_vaults_chip, v_misc_5, layout_vaults_quadrants,
          mu_enter_wizlab_7
Vaults:2: nicolae_vaults_halls_meeting, v_rooms_4,
          nicolae_vaults_little_squares_4, hangedman_vaults_maws,
          nicolae_vaults_gold_heap, v_misc_19, v_misc_5, v_misc_4,
          vaults_room_fancy_cross, v_misc_24, v_misc_31,
          ontoclasm_vaults_ring_square, nicolae_vaults_mini_display_case,
          layout_vaults_omnibox, uniq_boris
Vaults:3: vaults_room_corners, v_misc_12, minmay_crypt_entry_simple_walls,
          ontoclasm_vaults_misaligned, nicolae_vaults_little_squares_3,
          v_misc_28, hangedman_vaults_maws, v_misc_3,
          ontoclasm_vaults_decontamination, layout_vaults_chaotic_city
Vaults:4: vaults_room_semicircle, v_alt_pattern_2, hangedman_vaults_stream,
          vaults_room_pools, v_misc_14, nicolae_vaults_circle_grid_b,
          nicolae_vaults_hallways_thing, ontoclasm_vaults_ring_square,
          sword_in_stone, layout_vaults_maze_snakey, serial_glass, serial_shops,
          nicolae_shop_behind_doors
Vaults:5
Depths:1: nicolae_whirlpool, layout_basic, chequers_serial_rivers_marsh,
          rand_demon_pan_entry_3, serial_shops, shop, nicolae_shop_stone,
          kennysheep_mini_moat, shop, hell_entry, kennysheep_generic_room_4,
          serial_bayou_shore_b
Depths:2: cheibrodos_cascadia, layout_basic, minivault_14, serial_glass,
          glass_columns_b, glass_columns_b, glass_columns_a, glass_columns_c,
          glass_columns_c, glass_columns_c, glass_columns_a, glass_columns_b,
          glass_columns_a, glass_columns_a, abyss_entry, hell_entry,
          ebering_ghost_xom, pandoras_box_mu
Depths:3: hangedman_arrow_trap, layout_gridlike, grunt_hell_entry_dis_old,
          enter_trove_3, grunt_pan_entry_spiral
Depths:4: minmay_central_circle, layout_gridlike, enter_ziggurat_b, hell_entry,
          abyss_entry, rand_demon_pan_entry_9, uniq_mara
Depths:5: evilmike_zot_entry_basic, layout_cave_pools,
          nicolae_abyss_entry_one_way_or_another, hell_entry,
          nicolae_water_bricks, skrybe_limestone_x, hangedman_stitches_earthworm
Zot:1:    layout_cathedral_of_symmetry
Zot:2:    nicolae_zot_stationary_front, layout_concentric_octagons,
          lemuel_flame_loot_1
Zot:3:    layout_misc_corridors
Zot:4:    layout_concentric_octagons, st_stairs_9
Zot:5:    layout_misc_corridors

Skill      XL: |  1  2  3  4  5  6  7  8  9 10 11 12 13 14 15 16 17 18 19 20 21 22 23 24 25 26 |
---------------+-------------------------------------------------------------------------------+-----
Axes           | 4 5 6 8 10 12 13 14 15 16 19 20 21 23 25 26 | 26.0
Fighting       | 4 5 6 7 9 10 12 13 15 17 18 20 22 23 24 25 26 27 | 27.0
Armour         | 3 4 5 7 8 10 13 15 17 19 20 21 22 25 27 | 27.0
Dodging        | 3 4 5 6 8 9 10 12 14 15 16 17 19 20 22 | 22.0
Slings         | 3 5 6 |  6.0
Evocations     | 3 4 6 7 8 10 11 12 | 12.1

Action                   |  1- 3 |  4- 6 |  7- 9 | 10-12 | 13-15 | 16-18 | 19-21 | 22-24 | 25-27 || total
-------------------------+-------+-------+-------+-------+-------+-------+-------+-------+-------++-------
Melee: Hand axe          |    77 |   169 |   326 |   222 |       |       |       |       |       ||   794
       Headbutt          |     9 |    29 |    59 |   124 |   331 |   394 |   315 |   375 |   266 ||  1902
       Battleaxe         |       |       |       |   326 |  1171 |  1263 |   689 |   980 |   556 ||  4985
       Flail             |       |       |       |     9 |       |       |       |       |       ||     9
       Eveningstar       |       |       |       |     6 |    18 |       |       |       |       ||    24
       Executioner's axe |       |       |       |       |       |       |   225 |   187 |   199 ||   611
 Fire: Hunting sling     |       |       |       |     6 |       |       |       |       |       ||     6
       Fustibalus        |       |       |       |       |       |     7 |       |       |       ||     7
Throw: Boomerang         |       |       |     4 |     2 |       |       |       |       |       ||     6
Invok: Berserk           |       |     1 |     4 |    12 |    15 |     5 |     1 |     2 |       ||    40
       Trog's Hand       |       |     1 |     3 |    10 |    18 |    10 |     2 |     3 |     1 ||    48
       Brothers in Arms  |       |       |       |       |     3 |     1 |     1 |       |       ||     5
  Use: Scroll            |       |       |     7 |    15 |    14 |    25 |     5 |    18 |     1 ||    85
       Potion            |       |       |     4 |     2 |     3 |       |     5 |     3 |       ||    17
 Stab: Sleeping          |       |       |       |       |     4 |       |       |       |       ||     4
       Petrified         |       |       |       |       |     4 |       |       |       |       ||     4
       Distracted        |       |       |       |       |       |       |       |     2 |       ||     2
       Confused          |       |       |       |       |       |       |       |       |     1 ||     1
  Eat: Chunk             |       |     6 |    18 |    28 |    37 |    26 |    17 |    25 |    15 ||   172
       Ration            |       |       |       |     3 |     4 |     4 |     1 |     2 |     1 ||    15
Armor: Animal skin       |     5 |       |       |       |       |       |       |       |       ||     5
       Chain mail        |    36 |    99 |   115 |       |       |       |       |       |       ||   250
       Plate armour      |       |       |    24 |   327 |    88 |       |       |       |       ||   439
       Troll leather arm |       |       |       |       |    40 |       |       |       |       ||    40
       Crystal plate arm |       |       |       |       |   649 |   890 |   641 |   730 |   606 ||  3516
Dodge: Dodged            |    35 |    97 |   131 |   237 |   622 |   721 |   609 |   885 |   635 ||  3972

Table legend:
 A = Non-vault XP
 B = Vault XP
 C = Vault XP percentage of total XP
 D = Non-vault monster count
 E = Vault monster count
 F = Vault count percentage of total count
                 A         B        C        D         E       F
            +---------+---------+-------+---------+---------+-------
      Total |  771460 |  702682 |  47.7 |    1447 |     801 |  35.6
            +---------+---------+-------+---------+---------+-------
        D:1 |      48 |       0 |   0.0 |      27 |       0 |   0.0
        D:2 |     207 |       0 |   0.0 |      23 |       0 |   0.0
        D:3 |     165 |       0 |   0.0 |      17 |       0 |   0.0
        D:4 |     517 |       0 |   0.0 |      27 |       0 |   0.0
        D:5 |    1192 |       0 |   0.0 |      20 |       0 |   0.0
        D:6 |    1213 |       0 |   0.0 |      32 |       0 |   0.0
        D:7 |    1351 |       0 |   0.0 |      26 |       0 |   0.0
        D:8 |     262 |    1199 |  82.1 |      10 |       5 |  33.3
        D:9 |    1464 |    2278 |  60.9 |      12 |       4 |  25.0
       D:10 |    5978 |       0 |   0.0 |      46 |       0 |   0.0
       D:11 |    1046 |    2556 |  71.0 |      14 |      22 |  61.1
       D:12 |    8978 |     771 |   7.9 |      43 |       2 |   4.4
       D:13 |    6933 |   12887 |  65.0 |      38 |      18 |  32.1
       D:14 |    6656 |    5826 |  46.7 |      25 |      14 |  35.9
       D:15 |   15317 |    2664 |  14.8 |      34 |       4 |  10.5
     Lair:1 |    4661 |     891 |  16.0 |      15 |       3 |  16.7
     Lair:2 |    4514 |    2214 |  32.9 |      24 |      17 |  41.5
     Lair:3 |    4607 |     847 |  15.5 |      24 |       1 |   4.0
     Lair:4 |    3136 |    1731 |  35.6 |      15 |       5 |  25.0
     Lair:5 |    2275 |    3004 |  56.9 |       5 |       6 |  54.5
     Lair:6 |    5981 |    9962 |  62.5 |      21 |      39 |  65.0
   Shoals:1 |    7943 |       0 |   0.0 |      18 |       0 |   0.0
   Shoals:2 |   17465 |       0 |   0.0 |      30 |       0 |   0.0
   Shoals:3 |   18161 |    5359 |  22.8 |      30 |      11 |  26.8
   Shoals:4 |    7793 |   28743 |  78.7 |      20 |      39 |  66.1
    Snake:1 |   16248 |       0 |   0.0 |      29 |       0 |   0.0
    Snake:2 |   14636 |    2969 |  16.9 |      28 |       3 |   9.7
    Snake:3 |   26919 |       0 |   0.0 |      47 |       0 |   0.0
    Snake:4 |   10123 |   36630 |  78.3 |      18 |      61 |  77.2
      Orc:1 |    2397 |       0 |   0.0 |      41 |       0 |   0.0
      Orc:2 |    2737 |   15922 |  85.3 |      42 |      54 |  56.2
      Elf:1 |   17477 |    8295 |  32.2 |      27 |      12 |  30.8
      Elf:2 |   14747 |   30816 |  67.6 |      21 |      36 |  63.2
      Elf:3 |   22798 |   43541 |  65.6 |      34 |      29 |  46.0
   Vaults:1 |   39347 |   12644 |  24.3 |      71 |      29 |  29.0
   Vaults:2 |   10649 |   31417 |  74.7 |      15 |      26 |  63.4
   Vaults:3 |   34604 |   13821 |  28.5 |      67 |      14 |  17.3
   Vaults:4 |   31760 |   31154 |  49.5 |      52 |      22 |  29.7
   Vaults:5 |   26143 |  138111 |  84.1 |      40 |      94 |  70.1
   Depths:1 |   20219 |    5006 |  19.8 |      37 |      11 |  22.9
   Depths:2 |   35988 |   36343 |  50.2 |      45 |      44 |  49.4
   Depths:3 |       0 |   16473 | 100.0 |       0 |      12 | 100.0
   Depths:4 |   27166 |   81985 |  75.1 |      30 |      33 |  52.4
   Depths:5 |   57265 |   26788 |  31.9 |      56 |      23 |  29.1
      Zot:1 |   35302 |       0 |   0.0 |      23 |       0 |   0.0
      Zot:2 |   73081 |   10399 |  12.5 |      33 |       8 |  19.5
      Zot:3 |   28589 |       0 |   0.0 |      17 |       0 |   0.0
      Zot:4 |   71788 |    4506 |   5.9 |      43 |       2 |   4.4
      Zot:5 |   21043 |   19272 |  47.8 |      10 |       8 |  44.4
    Abyss:3 |     306 |       0 |   0.0 |       1 |       0 |   0.0
    Ossuary |     153 |       0 |   0.0 |      16 |       0 |   0.0
     Bailey |       0 |    3200 | 100.0 |       0 |      40 | 100.0
     WizLab |    2112 |   52458 |  96.1 |       8 |      50 |  86.2
            +---------+---------+-------+---------+---------+-------
